 Dungeon Crawl Stone Soup version 0.18-a0-1285-g60d00e1 (webtiles) character file.

178118 Duffy the Warrior (level 17, -7/142 HPs)
             Began as a Demonspawn Gladiator on Feb 8, 2016.
             Was the Champion of Cheibriados.
             Shot with a bolt by a naga sharpshooter (21 damage)
             ... on level 4 of the Snake Pit.
             The game lasted 00:49:11 (31452 turns).

Duffy the Warrior (Demonspawn Gladiator)           Turns: 31452, Time: 00:49:11

Health: -7/142     AC: 33    Str: 36    XL:     17   Next: 56%
Magic:  16/26      EV: 22    Int: 27    God:    Cheibriados [******]
Gold:   1976       SH: 21    Dex: 30    Spells: 0 memorised, 16 levels left

rFire  + . .     SeeInvis .     u - +3 demon whip (elec)
rCold  . . .     Gourm    .     j - +6 chain mail of the Komtur {rF+ Slay+3}
rNeg   . . .     Faith    +     V - +2 shield {reflect}
rPois  +         Spirit   .     F - +2 helmet
rElec  .         Dismiss  .     Q - +0 cloak
rCorr  .         Reflect  +     P - +2 pair of gloves {archery}
SustAt .         Harm     .     (boots unavailable)
MR     ++...                    p - amulet of faith
Stlth  +.........               K - +4 ring of protection
                                T - ring of Light {*Contam rPois MR+ Int+2}

@: lethally poisoned (-7 -> -19), very slow, very resistant to hostile
enchantments, very unstealthy
A: talons 3, large bone plates 2, nightstalker 2, spiny 3
a: Bend Time, Temporal Distortion, Slouch, Step From Time, Renounce Religion


You were on level 4 of the Snake Pit.
You worshipped Cheibriados.
Cheibriados was exalted by your worship.
You were not hungry.

You visited 4 branches of the dungeon, and saw 29 of its levels.
You visited 1 bazaar.
You also visited: Sewer, Ossuary and Ice Cave.

You collected 3679 gold pieces.
You spent 1703 gold pieces at shops.


Innate Abilities, Weirdness & Mutations

You have claws for feet.
You are mostly covered in large bone plates (AC +3, SH +3).
You are significantly more attuned to the shadows.
You are completely covered in sharp spines.


   Skills:
 - Level 15.0 Fighting
 - Level 9.6(12.0) Maces & Flails
   Level 12.0(13.2) Staves
 - Level 2.0 Throwing
 + Level 12.0 Armour
 + Level 12.2 Dodging
 * Level 11.1 Shields
 - Level 12.5 Invocations


You had 16 spell levels left.
You didn't know any spells.

Inventory:

Hand Weapons
 o - a +4 blowgun
 u - a +3 demon whip of electrocution (weapon)
Missiles
 d - 4 throwing nets (quivered)
 t - 109 poisoned needles
 G - 4 curare-tipped needles
Armour
 j - the +6 chain mail of the Komtur (worn) {rF+ Slay+3}

   It affects your accuracy and damage with ranged weapons and melee attacks
   (+3).
   It protects you from fire.
 k - the +7 chain mail of the Vacuum {Dex+4 Slay+2}

   It affects your dexterity (+4).
   It affects your accuracy and damage with ranged weapons and melee attacks
   (+2).
 F - a +2 helmet (worn)
 N - a +1 shadow dragon armour
 P - a +2 pair of gloves of archery (worn)
 Q - a +0 cloak (worn)
 V - a +2 shield of reflection (worn)
Jewellery
 a - an uncursed ring of protection from magic
 p - an amulet of faith (around neck)
 K - a +4 ring of protection (right hand)
 T - the ring of Light (left hand) {*Contam rPois MR+ Int+2}

   [ring of poison resistance]

   It affects your intelligence (+2).
   It protects you from poison.
   It affects your resistance to hostile enchantments.
   It causes magical contamination when unequipped.
Wands
 x - a wand of teleportation (7/9)
 R - a wand of paralysis (8/24)
 S - a wand of acid (4/15)
 W - a wand of iceblast (8/15)
 X - a wand of disintegration (1/24)
Scrolls
 c - a scroll of magic mapping
 e - 2 scrolls of fog
 i - 6 scrolls of recharging
 l - 2 scrolls of summoning
 w - a scroll of silence
 z - 3 scrolls of fear
 A - 11 scrolls of teleportation
 O - a scroll of blinking
 Y - 7 scrolls of remove curse
 Z - a scroll of enchant armour
Potions
 b - 6 potions of magic
 m - 4 potions of agility
 n - 5 potions of might
 r - 17 potions of curing
 s - 5 potions of lignification
 B - 5 potions of flight
 C - 7 potions of heal wounds
 D - a potion of resistance
 E - 3 potions of degeneration
 H - 2 potions of invisibility
 I - 3 potions of cancellation
 J - 6 potions of brilliance
 L - 2 potions of cure mutation
 M - 3 potions of ambrosia
Miscellaneous
 y - a fan of gales
Comestibles
 f - 20 bread rations
 h - 14 meat rations
 q - 18 royal jellies
 v - 5 slices of pizza
 U - 20 fruits

Dungeon Overview and Level Annotations

Branches:
Dungeon (15/15)            Temple (0/1) D:4            Lair (8/8) D:11
 Shoals (0/4) Lair:6        Snake (4/4) Lair:4        Slime (0/6) Lair:6
    Orc (2/2) D:9             Elf (0/3) Orc:2        Vaults (0/5) D:14
 Depths (0/5) D:15

Altars:
Cheibriados
Dithmenos
Kikubaaqudgha
Makhleb
Nemelex Xobeh
Pakellas
Qazlal
Ru
Xom
Yredelemnul

Shops:
D:5 [   D:9 (   D:12 [   D:14 %   Orc:2 %([:   Snake:2 *


Message History

You are too injured to fight recklessly!
You are too injured to fight recklessly!
You are too injured to fight recklessly!
You are too injured to fight recklessly!
You are too injured to fight recklessly!
You are too injured to fight recklessly!
You are too injured to fight recklessly!
You are too injured to fight recklessly!
You are too injured to fight recklessly!
You can feel time thicken for a moment.
You feel somewhat more hungry.
The shock serpent's electric aura discharges violently!
The lightning shocks you.
You feel sick. You block the naga mage's attack.
The naga sharpshooter spits poison at you.
The splash of poison hits you! You resist.
The naga mage hits you but does no damage.
The naga mage gestures at you while chanting.
The poison arrow hits you!
You are more poisoned.
You partially resist.
The naga sharpshooter spits poison at you.
Your +2 shield of reflection reflects the splash of poison!
The splash of poison misses the naga mage.
The splash of poison hits the naga sharpshooter.
You can feel time thicken for a moment.
You kill the naga mage!
Cheibriados thoroughly appreciates the change of pace.
You kill the shock serpent!
Cheibriados thoroughly appreciates the change of pace.
You feel somewhat more hungry.
The air sparks with electricity!
You feel sick.
The naga sharpshooter gestures wildly while chanting.
The naga sharpshooter magically shoots a bolt of penetration.
The bolt of penetration pierces through you!
You block the naga mage's attack.
The naga sharpshooter shoots a bolt.
The bolt hits you!!
You die...

##.....
##.(....
##N......
##..NN..#
##....N%#
##....@.#
##....(%.#
#.....(.(#
##....(...#.
#............
#............
#....#........
#...###.......
##..###.......


You could see 3 naga sharpshooters and a naga mage.

Action                   |  1- 3 |  4- 6 |  7- 9 | 10-12 | 13-15 | 16-18 || total
-------------------------+-------+-------+-------+-------+-------+-------++-------
Melee: Quarterstaff      |    98 |   121 |   221 |   420 |       |       ||   860
       Unarmed           |       |       |       |     4 |       |       ||     4
       Demon whip        |       |       |       |   363 |  1382 |   876 ||  2621
Invok: Slouch            |       |       |       |     4 |     1 |     7 ||    12
Evoke: Wand              |       |       |       |       |       |     2 ||     2
  Use: Scroll            |       |     5 |     6 |    12 |    19 |     5 ||    47
 Stab: Sleeping          |       |     5 |       |     8 |    40 |     2 ||    55
       Confused          |       |       |       |     1 |       |       ||     1
       Distracted        |       |       |       |     1 |     2 |     1 ||     4
       Petrified         |       |       |       |       |     2 |       ||     2
  Eat: Chunk             |     1 |     5 |     3 |    16 |    19 |     2 ||    46
       Beef jerky        |       |       |       |       |     2 |     5 ||     7
       Pizza             |       |       |       |       |       |     5 ||     5

Notes
Turn   | Place    | Note
--------------------------------------------------------------
     0 | D:1      | Duffy the Demonspawn Gladiator began the quest for the Orb.
     0 | D:1      | Reached XP level 1. HP: 16/16 MP: 1/1
   156 | D:1      | Reached skill level 3 in Staves
   430 | D:1      | Gained mutation: You are partially covered in large bone plates (AC +2, SH +2). [demonic ancestry]
   430 | D:1      | Reached XP level 2. HP: 22/22 MP: 2/2
   844 | D:1      | Gained mutation: You are partially covered in sharp spines. [demonic ancestry]
   844 | D:1      | Reached XP level 3. HP: 27/27 MP: 3/3
   910 | D:2      | Reached skill level 4 in Staves
  1110 | D:2      | Gained mutation: You are slightly more attuned to the shadows. [demonic ancestry]
  1110 | D:2      | Reached XP level 4. HP: 33/33 MP: 4/4
  1125 | D:2      | Found a snail-covered altar of Cheibriados.
  1130 | D:2      | Became a worshipper of Cheibriados the Contemplative
  1228 | D:2      | Found a sacrificial altar of Ru.
  1406 | D:2      | Found an oddly glowing altar of Pakellas.
  1471 | D:2      | Noticed Terence
  1478 | D:2      | Killed Terence
  1478 | D:2      | Reached skill level 5 in Staves
  1771 | D:3      | Reached * piety under Cheibriados
  1841 | D:3      | Found a stormy altar of Qazlal.
  1842 | D:3      | Noticed a water elemental
  1842 | D:3      | Noticed an air elemental
  1844 | D:3      | Noticed a fire elemental
  1844 | D:3      | Noticed an earth elemental
  1886 | D:3      | Reached XP level 5. HP: 38/38 MP: 5/5
  2067 | D:3      | Found a sparkling altar of Nemelex Xobeh.
  2536 | D:3      | Reached ** piety under Cheibriados
  2666 | D:4      | Reached skill level 6 in Staves
  2666 | D:4      | Gained mutation: You are mostly covered in sharp spines. [demonic ancestry]
  2666 | D:4      | Reached XP level 6. HP: 44/44 MP: 6/6
  2912 | D:4      | Found a glowing drain.
  2917 | Sewer    | Entered a sewer
  3000 | Sewer    | Reached skill level 7 in Staves
  3004 | Sewer    | Reached *** piety under Cheibriados
  3022 | Sewer    | Found a glowing silver altar of Zin.
  3225 | D:4      | Gained mutation: You are mostly covered in large bone plates (AC +3, SH +3). [demonic ancestry]
  3225 | D:4      | Reached XP level 7. HP: 50/50 MP: 7/7
  3228 | D:4      | Found a staircase to the Ecumenical Temple.
  3419 | D:5      | Entered Level 5 of the Dungeon
  3424 | D:5      | Noticed Menkaure
  3708 | D:5      | Killed Menkaure
  3708 | D:5      | Reached skill level 8 in Staves
  3837 | D:5      | Reached skill level 1 in Invocations
  3881 | D:5      | Reached skill level 2 in Invocations
  3900 | D:5      | Reached skill level 3 in Invocations
  4003 | D:5      | Noticed M4edhros's ghost (novice OpAr)
  4006 | D:5      | Gained mutation: You have sharp toenails. [demonic ancestry]
  4006 | D:5      | Reached XP level 8. HP: 56/56 MP: 10/10
  4145 | D:5      | Killed M4edhros's ghost
  4145 | D:5      | Reached skill level 9 in Staves
  4145 | D:5      | Reached skill level 4 in Invocations
  4163 | D:5      | Found Tilodghe's Antique Armour Boutique.
  4168 | D:5      | Bought a glowing helmet for 130 gold pieces
  4199 | D:5      | Reached skill level 5 in Invocations
  4328 | D:6      | Noticed M4edhros's ghost (novice OpAr)
  4338 | D:6      | Killed M4edhros's ghost
  4338 | D:6      | Reached **** piety under Cheibriados
  4338 | D:6      | Reached skill level 7 in Invocations
  4381 | D:6      | Found a sand-covered staircase.
  4387 | D:6      | Gained mutation: You are significantly more attuned to the shadows. [demonic ancestry]
  4387 | D:6      | Reached XP level 9. HP: 61/61 MP: 14/14
  4391 | Ossuary  | Entered an ossuary
  4467 | Ossuary  | Reached skill level 10 in Staves
  4470 | Ossuary  | Killed M4edhros's ghost
  4521 | Ossuary  | Reached skill level 8 in Invocations
  4571 | Ossuary  | Reached skill level 1 in Armour
  4571 | Ossuary  | Reached skill level 3 in Dodging
  4585 | Ossuary  | Reached ***** piety under Cheibriados
  5052 | D:6      | Reached skill level 3 in Fighting
  5055 | D:6      | Reached skill level 2 in Armour
  5170 | D:6      | Noticed Edmund
  5180 | D:6      | Killed Edmund
  5445 | D:7      | Noticed Kidiri's ghost (novice HESk)
  5459 | D:7      | Killed Kidiri's ghost
  5459 | D:7      | Reached skill level 4 in Dodging
  5459 | D:7      | Reached XP level 10. HP: 60/71 MP: 16/16
  5604 | D:7      | Found a shadowy altar of Dithmenos.
  5625 | D:7      | Reached skill level 11 in Staves
  5644 | D:7      | Reached skill level 4 in Fighting
  5644 | D:7      | Reached skill level 3 in Armour
  5667 | D:7      | Found an ancient bone altar of Kikubaaqudgha.
  5882 | D:7      | Reached ****** piety under Cheibriados
  6419 | D:8      | Noticed Maurice
  6424 | D:8      | Killed Maurice
  6424 | D:8      | Reached skill level 4 in Armour
  6424 | D:8      | Reached skill level 5 in Dodging
  6505 | D:8      | Found a basalt altar of Yredelemnul.
  6785 | D:8      | Reached skill level 5 in Fighting
  6970 | D:8      | Got a fine lead ring
  6971 | D:8      | Identified the ring of Light {*Contam rPois MR+ Int+2} (You found it on level 8 of the Dungeon)
  7212 | D:9      | Found Ina Noy's Weapon Shop.
  7399 | D:9      | Found a staircase to the Orcish Mines.
  7443 | D:9      | Reached skill level 12 in Staves
  7749 | D:9      | Reached XP level 11. HP: 70/80 MP: 17/17
  7926 | D:9      | Found a shimmering altar of Xom.
  8184 | D:10     | Entered Level 10 of the Dungeon
  8184 | D:10     | Noticed a hill giant
  8195 | D:10     | Killed a hill giant
  8195 | D:10     | Reached skill level 5 in Armour
  8313 | D:10     | Reached skill level 6 in Dodging
  8515 | D:10     | Noticed a hill giant
  8522 | D:10     | Killed a hill giant
  8529 | D:10     | Reached skill level 6 in Fighting
  8702 | D:10     | Noticed Maud
  8713 | D:10     | Killed Maud
  8713 | D:10     | Reached skill level 6 in Armour
  8713 | D:10     | Reached skill level 7 in Dodging
  9176 | D:10     | Reached skill level 7 in Fighting
  9325 | Orc:1    | Entered Level 1 of the Orcish Mines
  9547 | D:9      | Bought a +0 demon whip of electrocution for 474 gold pieces
  9595 | D:10     | Noticed a tengu warrior
  9613 | D:10     | Killed a tengu warrior
  9613 | D:10     | Reached skill level 1 in Maces & Flails
  9818 | D:11     | Noticed a purple ugly thing
  9828 | D:10     | Killed a purple ugly thing
  9828 | D:10     | Reached skill level 2 in Maces & Flails
  9997 | D:11     | Reached skill level 3 in Maces & Flails
 10235 | D:11     | Noticed a cyan ugly thing
 10237 | D:11     | Noticed a hill giant
 10241 | D:11     | Killed a cyan ugly thing
 10247 | D:11     | Killed a hill giant
 10247 | D:11     | Reached skill level 4 in Maces & Flails
 10247 | D:11     | Gained mutation: You have razor-sharp toenails. [demonic ancestry]
 10247 | D:11     | Reached XP level 12. HP: 61/91 MP: 13/18
 10505 | D:11     | Reached skill level 5 in Maces & Flails
 10901 | D:11     | Reached skill level 6 in Maces & Flails
 11174 | D:11     | Reached skill level 7 in Maces & Flails
 11487 | D:11     | Reached skill level 8 in Maces & Flails
 11842 | D:11     | Found a staircase to the Lair.
 11936 | Lair:1   | Entered Level 1 of the Lair of Beasts
 11940 | Lair:1   | Reached skill level 9 in Maces & Flails
 12418 | Lair:1   | Reached skill level 7 in Armour
 12556 | Lair:1   | Got a fine marble ring
 12558 | Lair:1   | Identified the ring of Fedhas's Castigation {+Fly Dex+4} (You found it on level 1 of the Lair of Beasts)
 13235 | Lair:2   | Reached skill level 1 in Shields
 13250 | Lair:2   | Reached XP level 13. HP: 98/98 MP: 19/19
 13283 | Lair:2   | Reached skill level 2 in Shields
 13547 | Lair:2   | Reached skill level 3 in Shields
 13864 | Lair:3   | Reached skill level 4 in Shields
 14392 | Lair:3   | Reached skill level 5 in Shields
 14726 | Lair:4   | Reached skill level 6 in Shields
 14788 | Lair:4   | Noticed Snorg
 14799 | Lair:4   | Killed Snorg
 15046 | Lair:4   | Reached skill level 7 in Shields
 15096 | Lair:4   | Found a staircase to the Snake Pit.
 15856 | Lair:5   | Reached skill level 8 in Dodging
 15863 | Lair:5   | Reached skill level 8 in Fighting
 16702 | Lair:6   | Found a staircase to the Shoals.
 16725 | Lair:6   | Reached skill level 8 in Armour
 16931 | Lair:6   | Reached skill level 9 in Fighting
 16979 | Lair:6   | Found a staircase to the Slime Pits.
 17004 | Lair:6   | Got a brightly glowing chain mail
 17141 | Lair:6   | Gained mutation: You have claws for feet. [demonic ancestry]
 17141 | Lair:6   | Reached XP level 14. HP: 108/108 MP: 20/20
 17159 | Lair:6   | Reached skill level 9 in Dodging
 17340 | Lair:6   | Found a burning altar of Makhleb.
 17971 | Lair:7   | Identified the +6 chain mail of the Komtur {rF+ Slay+3} (You found it on level 6 of the Lair of Beasts)
 18071 | Lair:7   | Reached skill level 9 in Armour
 18502 | Lair:8   | Entered Level 8 of the Lair of Beasts
 18625 | Lair:8   | Reached skill level 10 in Fighting
 18683 | Lair:8   | Found a frozen archway.
 18692 | IceCv    | Entered an ice cave
 18851 | IceCv    | Reached skill level 10 in Dodging
 19654 | Lair:8   | Reached skill level 10 in Armour
 19862 | Lair:8   | Reached skill level 11 in Fighting
 20342 | Lair:8   | Reached XP level 15. HP: 112/118 MP: 21/21
 21318 | D:12     | Found Muoll's Antique Armour Boutique.
 21679 | D:12     | Reached skill level 8 in Shields
 21679 | D:12     | Reached skill level 9 in Invocations
 21990 | D:13     | Noticed Josephine
 21997 | D:13     | Killed Josephine
 22147 | D:13     | Reached skill level 10 in Invocations
 22187 | D:13     | Noticed Sonja
 22195 | D:13     | Killed Sonja
 22323 | D:13     | Reached skill level 11 in Invocations
 22348 | D:13     | Noticed Kirke
 22357 | D:13     | Killed Kirke
 22431 | D:13     | Reached skill level 12 in Invocations
 23434 | D:14     | Found Jetzumua's Food Shoppe.
 23501 | D:14     | Reached skill level 9 in Shields
 23585 | D:14     | Found a gate to the Vaults.
 23622 | D:14     | Reached skill level 12 in Fighting
 24193 | Orc:2    | Entered Level 2 of the Orcish Mines
 24199 | Orc:2    | Reached XP level 16. HP: 129/129 MP: 25/25
 24390 | Orc:2    | Found Quheaff's Weapon Emporium.
 24390 | Orc:2    | Found Benargh's Armour Shop.
 24390 | Orc:2    | Found Zoiqio Huxt's Book Boutique.
 24392 | Orc:2    | Found Efoamom's Food Shoppe.
 24609 | Orc:2    | Noticed Nessos
 24613 | Orc:2    | Killed Nessos
 24613 | Orc:2    | Reached skill level 13 in Fighting
 24743 | Orc:1    | Noticed Erolcha
 24798 | Orc:1    | Killed Erolcha
 24841 | Orc:1    | You fall through a shaft!
 25000 | Orc:2    | Found a staircase to the Elven Halls.
 25071 | Orc:1    | Noticed Nergalle
 25184 | Orc:2    | Killed Nergalle
 26140 | D:15     | Entered Level 15 of the Dungeon
 26176 | D:15     | Reached skill level 14 in Fighting
 26212 | D:15     | Got a smoking plate armour
 26213 | D:15     | Identified the +3 plate armour "Hodolure" {Str+2 Int+6} (You found it on level 15 of the Dungeon)
 26707 | D:15     | Reached skill level 2 in Throwing
 27100 | D:15     | Found a staircase to the Depths.
 27549 | D:14     | Reached skill level 15 in Fighting
 27787 | Snake:1  | Entered Level 1 of the Snake Pit
 27793 | Snake:1  | Noticed Aizul
 27809 | Snake:1  | Killed Aizul
 27823 | Snake:1  | Found a flickering gateway to a bazaar.
 27843 | Bazaar   | Entered a bazaar
 27877 | Bazaar   | Found Gumelas's Antique Weapon Shop.
 27883 | Bazaar   | Found Xaty's Food Shoppe.
 27889 | Bazaar   | Found Ceng's General Store.
 27895 | Bazaar   | Bought a scroll of magic mapping for 49 gold pieces
 27899 | Bazaar   | Found Qashruthro's Weapon Shoppe.
 27908 | Bazaar   | Found Totwaoff's Antique Armour Boutique.
 27914 | Bazaar   | Bought a dazzling plate armour for 784 gold pieces
 27915 | Bazaar   | Identified the cursed +1 plate armour of Untruth {rElec Int+2 Dex+3} (You bought it in a shop in a bazaar)
 27918 | Bazaar   | Bought a translucent chain mail for 266 gold pieces
 27929 | Bazaar   | Identified the +7 chain mail of the Vacuum {Dex+4 Slay+2} (You bought it in a shop in a bazaar)
 28306 | Snake:1  | Reached skill level 11 in Dodging
 28983 | Snake:2  | Reached skill level 11 in Armour
 29433 | Snake:2  | Gained mutation: You are completely covered in sharp spines. [demonic ancestry]
 29433 | Snake:2  | Reached XP level 17. HP: 142/142 MP: 26/26
 29495 | Snake:2  | Noticed Donald
 29502 | Snake:2  | Killed Donald
 29607 | Snake:2  | Reached skill level 10 in Shields
 29684 | Snake:2  | Found Taxoh's Tempting Trifles.
 29918 | Snake:3  | Noticed Wiglaf
 29934 | Snake:3  | Killed Wiglaf
 30493 | Snake:3  | Reached skill level 12 in Dodging
 30904 | Snake:4  | Entered Level 4 of the Snake Pit
 31404 | Snake:4  | Reached skill level 12 in Armour
 31404 | Snake:4  | Reached skill level 11 in Shields
 31452 | Snake:4  | Shot with a bolt by a naga sharpshooter

Vault maps used:
D:1:      dpeg_arrival_tiny_i
D:2:      cheibriados_altar_1, lemuel_coloured_pillars_altar, marbit_many_paths,
          first_bread, hex_tiny, uniq_terence
D:3:      nicolae_qazlal_style_of_elements, nemelex_lonely_heart_becter
D:4:      minmay_temple_entry_glass, gup_sewer_entry_spiral
D:5:      serial_shops, nicolae_shop_waterfront, uniq_menkaure
D:6:      nicolae_ossuary_entry_catacombs, uniq_edmund
D:7:      kennysheep_mini, lemuel_mausoleum_altar_kikubaaqudgha
D:8:      kennysheep_windowed_halls, old_standard_altar, uniq_maurice
D:9:      xom_confusion_cloud, hiddenorc2_lemuel, serial_shops, shop
D:10:     uniq_maud
D:11:     kennysheep_seaside_town, erik_lair_dragon, special_room
D:12:     serial_shops, shop, grunt_pizzeria
D:13:     serial_undead, serial_undead_e, serial_undead_e, serial_undead_f,
          serial_undead_a, serial_undead_f, kennysheep_four_rooms,
          uniq_josephine, uniq_kirke, uniq_sonja
D:14:     erik_vaults_2, serial_shops, shop_statue, serial_park_square3
D:15:     grunt_enter_depths_hoard, hangedman_decor_lopped, minivault_12
Lair:1:   grunt_megastairs_4
Lair:2:   nicolae_quartered_pool_medium
Lair:4:   dummy_snake_entry, uniq_snorg
Lair:5:   roderic_carrion_pond
Lair:6:   elwin_shoals_entry_stream, slime_dummy, basic_altar
Lair:7:   onia_ninara_swampy_vault, nicolae_lair_yak_garden
Lair:8:   grunt_lair_end_beastmaster, portal_ice_cave_entry_imps, minivault_27
Snake:1:  serial_shops, bzr_entry_customers, serial_bayou_shore_b, uniq_aizul
Snake:2:  nicolae_alphabet_shops, uniq_donald
Snake:3:  uniq_wiglaf
Snake:4:  snake_hunt, grunt_megastairs_1, basic_stair_grate_trap, uniq_agnes,
          uniq_vashnia
Orc:1:    uniq_nergalle, uniq_erolcha
Orc:2:    st_orc_rangers, uniq_nessos
Bazaar:   bazaar_kb_twisted_cavern
Sewer:    sewer_kobolds
Ossuary:  ossuary_minmay_scorpions
IceCv:    ice_cave_caverns_01

Vanquished Creatures
  Kirke Wiglaf Donald
  A greater naga Maud Aizul
  A frost giant
  2 ghouls Nessos
  A dire elephant Snorg
  8 vault guards Josephine
  2 fire dragons Erolcha
  15 hydras
  9 naga warriors
  2 catoblepae
  3 centaur warriors
  6 anacondas
  An ogre mage
  A deep troll shaman
  7 shock serpents
  2 tengu warriors
  11 death yaks
  10 naga sharpshooters
  An orc high priest Nergalle
  A fire crab (shapeshifter)
  Sonja
  2 skeletal warriors
  A salamander mystic
  The ghost of Kidiri the Charmwright, a novice HESk of Okawaru
  13 hill giants
  5 unseen horrors
  A swamp dragon
  3 naga ritualists
  A harpy (shapeshifter)
  The ghost of M4edhros the Covert, a novice OpAr of Xom
  A necromancer
  4 orc knights
  2 griffons
  10 mana vipers
  4 ugly things
  An orc sorcerer
  3 manticores
  2 cyclopes
  3 sirens Maurice
  2 elephants
  10 salamanders
  2 guardian serpents
  20 black mambas
  14 naga magi
  4 gargoyles
  10 spiny frogs
  5 fire drakes
  13 komodo dragons
  The ghost of M4edhros the Sneak, a novice OpAr of Xom
  2 kobold demonologists
  A merfolk
  A merfolk (shapeshifter)
  2 harpy zombies
  A queen bee
  3 trolls
  12 polar bears
  2 two-headed ogres
  11 blink frogs
  8 slime creatures
  A boulder beetle
  A centaur simulacrum
  The ghost of M4edhros the Sneak, an amateur OpAr
  3 shadows
  7 wraiths
  A spriggan
  A water elemental
  2 vampires
  2 wyverns
  84 yaks
  11 hippogriffs
  2 golden eyes (shapeshifter)
  5 basilisks
  2 hogs
  4 vampire mosquitoes
  5 hungry ghosts
  5 humans Menkaure
  38 nagas
  20 wolves
  A mottled dragon
  2 swamp worms Edmund
  3 wargs
  A soldier ant
  3 swamp drakes
  14 porcupines
  2 ice beasts
  50 orc warriors
  17 water moccasins
  A black bear
  4 sky beasts
  A wasp
  A phantom
  2 eyes of draining
  8 necrophages
  16 ogres
  15 centaurs
  15 crocodiles
  3 elf zombies
  20 big kobolds
  19 giant frogs
  An elf skeleton
  A wyvern zombie
  2 gnoll sergeants
  A water moccasin skeleton
  15 scorpions
  A scorpion (shapeshifter)
  3 wyvern skeletons
  44 killer bees
  2 troll skeletons
  14 wights
  2 electric eels
  7 crimson imps
  5 giant frog zombies
  A wasp zombie
  16 centaur zombies
  A quasit
  5 gnoll shamans
  8 hounds
  5 centaur skeletons
  3 human zombies
  22 orc priests
  A jelly
  25 orc wizards Terence
  A human skeleton
  10 iguanas
  8 worker ants
  26 sheep
  3 hound zombies
  2 hound skeletons
  9 mummies
  3 worker ant zombies
  10 adders
  37 gnolls
  52 river rats
  4 scorpion zombies
  2 shadow imps
  12 white imps
  2 oozes
  An adder zombie
  5 worms
  13 giant geckos
  144 orcs
  3 ball pythons
  8 giant cockroaches
  6 goblins
  6 hobgoblins
  7 jackals
  9 quokkas
  8 bats
  A giant gecko skeleton
  5 giant newts
  3 gnoll zombies
  A goblin zombie
  4 hobgoblin zombies
  48 kobolds
  2 kobold zombies
  An orc skeleton
  2 orc zombies
  A quokka skeleton
  A quokka zombie
  16 rats
  8 fungi
  5 plants
1348 creatures vanquished.
